Map: Ulrena

Players

Vaisravana - Winner!

  • Race: Zerg Zerg
  • League: Master

PiG

  • Race: Zerg Zerg

Event: NationWars III

VOD

Have the link to the VOD?

Description

Time

  • Played on: Nov. 21, 2015, 2:24 p.m.
  • Length: 7:00

All games in this series

Show
View Real Time Build Order
Export as new Build Order

Vaisravana Zerg - Winner!

Build Orders: Hatch First 

Get SALT Encoding   

  12  0:00  Drone  
  13  0:12  Overlord  
  13  0:17  Drone  
  14  0:30  Drone  
  14  0:31  Drone  
  14  0:34  Drone  
  17  0:52  Hatchery  
  17  0:55  Drone  
  17  1:00  Drone  
  18  1:08  Drone  
  18  1:09  Extractor  
  18  1:18  Spawning Pool  
  18  1:22  Drone  
  18  1:33  Drone  
  19  1:44  Drone  
  20  1:51  Drone  
  21  2:00  Drone  
  22  2:04  Queen  
  22  2:05  Queen  
  22  2:08  Metabolic Boost  
  26  2:11  Overlord  
  26  2:15  Drone  
  27  2:16  Drone  
  28  2:30  Drone x2  
  30  2:38  Baneling Nest  
  30  2:40  Drone, Queen  
  32  2:48  Overlord  
  32  2:51  Zergling x4  
  34  3:09  Zergling x8  
  38  3:14  Zergling x6  
  38  3:15  Zergling x4  
  38  3:18  Zergling x2  
  38  3:19  Overlord  
  44  3:28  Baneling x4  
  44  3:31  Overlord  
  44  3:40  Zergling x6  
  46  3:49  Zergling x4  
  46  3:50  Zergling x4  
  40  3:58  Zergling x4  
  40  3:59  Zergling x4  
  43  4:03  Zergling x2  
  43  4:08  Zergling x2  
  44  4:14  Drone  
  44  4:17  Zergling x2  
  44  4:23  Roach Warren  
  44  4:26  Spine Crawler  
  41  4:33  Overlord  
  35  5:04  Roach x7  
  35  5:07  Roach x4  
  54  5:08  Zergling x4  
  54  5:12  Zergling x2  
  59  5:17  Zergling x2  
  59  5:27  Zergling x4  
  59  5:34  Zergling x8  
  62  5:41  Baneling x5  
  62  5:45  Zergling x2  
  62  5:46  Overlord  
  63  5:50  Baneling  
  63  5:55  Zergling x6  
  64  5:58  Zergling x2  
  64  6:08  Zergling x6  
  63  6:11  Zergling x2  
  63  6:18  Zergling x2  
  62  6:21  Zergling x8  
  64  6:30  Zergling x4  
  64  6:36  Zergling x6  
  66  6:40  Zergling x2  
  66  6:43  Zergling x2  
Show
View Real Time Build Order
Export as new Build Order

PiG Zerg 

Build Orders: Hatch First, Zergling Baneling 

Get SALT Encoding   

  12  0:01  Drone  
  13  0:12  Overlord  
  13  0:17  Drone  
  14  0:31  Drone x2  
  14  0:35  Drone  
  17  0:52  Hatchery  
  17  0:55  Drone  
  17  0:58  Drone  
  18  1:11  Spawning Pool  
  18  1:16  Drone  
  19  1:18  Drone  
  19  1:24  Extractor  
  18  1:30  Drone  
  19  1:47  Drone  
  19  1:50  Hatchery  
  19  1:55  Drone  
  19  1:59  Queen  
  22  2:09  Queen  
  22  2:15  Zergling x2  
  25  2:16  Drone  
  25  2:19  Drone  
  27  2:25  Overlord  
  27  2:32  Metabolic Boost  
  27  2:35  Drone  
  28  2:42  Overlord  
  28  2:45  Drone  
  29  2:51  Baneling Nest, Drone  
  29  2:55  Drone  
  30  2:58  Drone  
  30  3:08  Drone  
  30  3:09  Drone x2  
  30  3:10  Drone x2  
  36  3:12  Zergling x2  
  36  3:16  Zergling x2  
  37  3:22  Zergling x2  
  37  3:23  Zergling x2  
  37  3:26  Queen  
  41  3:29  Drone  
  41  3:31  Drone  
  41  3:32  Zergling x2  
  44  3:36  Baneling x3  
  44  3:38  Zergling x2  
  44  3:40  Zergling x2  
  46  3:43  Zergling x4  
  48  3:51  Zergling x8  
  44  4:00  Zergling x6  
  45  4:03  Baneling x2  
  45  4:07  Drone x2  
  47  4:16  Zergling x6  
  49  4:21  Baneling x2  
  48  4:25  Drone  
  47  4:33  Baneling x3  
  47  4:36  Zergling x4  
  47  4:37  Overlord  
  47  4:38  Overlord  
  40  5:02  Zergling x12  
  40  5:06  Zergling x6  
  40  5:07  Zergling x8  
  51  5:14  Baneling x2  
  51  5:15  Zergling x2  
  51  5:16  Zergling x2  
  51  5:19  Roach Warren  
  51  5:20  Drone x2  
  50  5:28  Drone  
  50  5:29  Drone  
  50  5:31  Drone, Extractor  
  50  5:35  Zergling x4  
  53  5:38  Spine Crawler, Baneling x2  
  52  5:43  Zergling x10  
  52  5:45  Baneling x2  
  57  5:54  Zergling x8  
  51  5:58  Zergling x4  
  51  5:59  Zergling x2  
  47  6:10  Zergling x12  
  51  6:18  Roach x2  
  48  6:23  Roach x2  
  47  6:28  Roach  
  42  6:39  Roach  
Tags
 
Add a new tag
Caveats
  • Supply blocks, unpowered buildings, or Contaminate may cause inaccurate times.
  • Supply counts are checked every 10 seconds.